 Dungeon Crawl Stone Soup version 0.22.1-2-g9c5b331 (webtiles) character file.

596 teukkam the Gusty (level 7, -3/50 HPs)
             Began as a Black Draconian Air Elementalist on Nov 15, 2018.
             Slain by an orc warrior
             ... wielding a +2 scimitar of protection
              (24 damage)
             ... on level 6 of the Dungeon.
             The game lasted 00:25:04 (5040 turns).

teukkam the Gusty (DrAE)                            Turns: 5040, Time: 00:25:05

Health: -3/50      AC:  8    Str: 11 (13) XL:     7   Next: 17%
Magic:  2/12       EV: 12    Int: 16 (17) God:
Gold:   232        SH:  0    Dex: 10 (11) Spells: 1/13 levels left

rFire    . . .     SeeInvis .   a - +0 broad axe "Tormentor" {flame, rPois Str+2}
rCold    . . .     Gourm    .   (no shield)
rNeg     . . .     Faith    .   (armour unavailable)
rPois    +         Spirit   .   (helmet restricted)
rElec    +         Reflect  .   B - +1 cloak
rCorr    .         Harm     .   (no gloves)
MR       .....                  (no boots)
Stlth    ++........             h - amulet of regeneration
HPRegen  0.56/turn              (no ring)
MPRegen  0.13/turn              (no ring)

@: very slightly contaminated
A: breathe lightning, unfitting armour, electricity resistance, cold-blooded, AC
+6
a: Breathe Lightning


You were on level 6 of the Dungeon.
You were not hungry.

You visited 1 branch of the dungeon, and saw 6 of its levels.

You collected 232 gold pieces.

Inventory:

Hand Weapons
 a - the +0 broad axe "Tormentor" (weapon) {flame, rPois Str+2}
   (You found it on level 5 of the Dungeon)

   It has been specially enchanted to burn those struck by it, causing extra
   injury to most foes and up to half again as much damage against particularly
   susceptible opponents.
   Big, fiery blades are also staple armaments of hydra-hunters.
   It affects your strength (+2).
   It protects you from poison.
 b - a +0 hunting sling
 r - a +0 dagger
 C - a +0 dagger
Missiles
 e - 57 arrows
 t - 7 tomahawks (quivered)
 x - 5 needles of confusion
 A - 15 bolts
Armour
 B - a +1 cloak (worn)
Jewellery
 h - an amulet of regeneration (around neck)
Wands
 m - a wand of flame (14)
Scrolls
 c - 2 scrolls of fog
 d - 2 scrolls of identify
 g - 2 scrolls of remove curse
 i - 2 scrolls of enchant weapon
 k - 3 scrolls of teleportation
 u - 3 scrolls of random uselessness {unknown}
 v - 3 scrolls of fear {unknown}
 z - 4 scrolls of amnesia {unknown}
Potions
 l - a potion of agility
 n - a potion of degeneration
 o - a potion of invisibility {unknown}
 p - 2 potions of flight
Comestibles
 f - 15 rations
 j - 2 chunks of flesh


   Skills:
 + Level 0.6 Axes
 - Level 2.0 Dodging
 + Level 4.1 Stealth
 + Level 3.9 Spellcasting
 + Level 3.7 Conjurations
 + Level 5.7 Air Magic


You had one spell level left.
You knew the following spells:

 Your Spells              Type           Power        Failure   Level  Hunger
a - Shock                 Conj/Air       ###.         2%          1    None
b - Swiftness             Chrm/Air       ##......     8%          2    ##.....
c - Lightning Bolt        Conj/Air       ###.......   54%         5    ######.
d - Airstrike             Air            ###.......   16%         4    ####...

Your spell library contained the following spells:

 Spells                   Type           Power        Failure   Level  Hunger
 Corona                   Hex            #......      17%         1    None
 Static Discharge         Conj/Air       ###.....     7%          3    ###....
 Dazzling Spray           Conj/Hex       #.....       24%         3    ###....
 Ensorcelled Hibernation  Hex/Ice        #.....       26%         2    ##.....
 Confuse                  Hex            #.......     45%         3    ###....
 Tukima's Dance           Hex            #.......     45%         3    ###....


Dungeon Overview and Level Annotations

Branches:
Dungeon (6/15)
 Temple: D:4-7

Altars:


Innate Abilities, Weirdness & Mutations

You can breathe wild blasts of lightning.
Your glossy black scales are hard. (AC +6)
You cannot fit into any form of body armour.
You are resistant to electric shocks. (rElec)
You are cold-blooded and may be slowed by cold attacks.


Message History

Aiming: Shock (safe; 2% risk of failure)
Press: ? - help, Shift-Dir - straight line, f/p - orc warrior
Aim: an orc warrior, wielding a scimitar of protection and wearing a plate The zap hits the orc warrior.
The orc warrior appears unharmed.
The orc warrior is lightly wounded.
The orc warrior throws a stone.
The stone hits you!
Casting: Shock (safe; 2% risk of failure)
Confirm with . or Enter, or press ? or * to list all spells.
Aiming: Shock (safe; 2% risk of failure)
Press: ? - help, Shift-Dir - straight line, f/p - orc warrior
Aim: an orc warrior, wielding a scimitar of protection and wearing a plate The zap misses the orc warrior.
The zap hits the orc.
You kill the orc!
You feel your strength returning.
The orc warrior throws a stone.
The stone hits you but does no damage.
The orc warrior hits you with a scimitar of protection!!
You barely miss the orc warrior.
The orc warrior is lightly wounded.
The orc warrior hits you with a scimitar of protection!!
You die...

########### ##
#.........##..
#............
#(.......#
#......รท##
#(.(@o.).#.#
#.....)<)[.#
###.###.#..# .
#.###.#.)....
#..##.###.o..
##..#.#......
##[.........
##.#...#...
#......Z...


You could see an orc warrior.

Vanquished Creatures
  A sky beast (D:5)
  A crimson imp (D:5)
  A bullfrog skeleton (D:4)
  2 orc priests
  5 worker ants
  A hound zombie (D:5)
  A worker ant zombie (D:5)
  3 gnolls (D:5)
  7 adders
  2 shadow imps (D:5)
  An ooze (D:2)
  2 worms
  A dart slug (D:4)
  4 leopard geckos
  17 orcs
  4 ball pythons
  15 bats
  4 giant cockroaches
  3 goblins
  7 hobgoblins
  7 jackals (D:6)
  A quokka (D:2)
  4 frilled lizards
  A jackal skeleton (D:4)
  4 kobolds
  A leopard gecko skeleton (D:6)
  A quokka skeleton (D:4)
  7 rats
108 creatures vanquished.

Notes
Turn   | Place    | Note
-------+----------+-------------------------------------------
     0 | D:1      | teukkam the Draconian Air Elementalist began the quest for
                  | the Orb.
     0 | D:1      | Reached XP level 1. HP: 14/14 MP: 3/3
   288 | D:1      | Reached XP level 2. HP: 20/20 MP: 1/5
   330 | D:1      | Learned a level 2 spell: Swiftness
  1288 | D:2      | Reached XP level 3. HP: 26/26 MP: 3/6
  1565 | D:4      | Reached XP level 4. HP: 14/33 MP: 0/7
  2700 | D:3      | Reached XP level 5. HP: 38/38 MP: 7/9
  3242 | D:4      | Reached skill level 4 in Air Magic
  3528 | D:5      | Entered Level 5 of the Dungeon
  3552 | D:5      | Reached XP level 6. HP: 36/45 MP: 1/10
  3563 | D:5      | Learned a level 5 spell: Lightning Bolt
  4336 | D:5      | Noticed a sky beast
  4402 | D:5      | Noticed a sky beast
  4413 | D:5      | Killed a sky beast
  4527 | D:5      | Your scales start taking on a glossy black colour.
  4527 | D:5      | Reached skill level 5 in Air Magic
  4527 | D:5      | Reached XP level 7. HP: 50/50 MP: 8/12
  4527 | D:5      | Gained mutation: You are resistant to electric shocks.
                  | (rElec) [Black Draconian growth]
  4532 | D:5      | Got a slimy broad axe
  4534 | D:5      | Identified the cursed +0 broad axe "Tormentor" {flame,
                  | rPois Str+2} (You found it on level 5 of the Dungeon)
  4966 | D:5      | Learned a level 4 spell: Airstrike
  5040 | D:6      | Slain by an orc warrior

Skill      XL: |  1  2  3  4  5  6 |
---------------+-------------------+-----
Stealth        | 2 3 4 |  4.1
Dodging        | 2 |  2.0
Conjurations   | 2 3 |  3.7
Spellcasting   | 3 |  3.9
Air Magic      | 4 5 |  5.7
Axes           | |  0.6

Action                   |  1- 3 |  4- 6 |  7- 9 || total
-------------------------+-------+-------+-------++-------
Melee: Unarmed           |     8 |       |       ||     8
       Dagger            |    61 |   203 |       ||   264
       Tailslap          |     3 |    15 |     1 ||    19
       Broad axe         |       |       |    18 ||    18
Throw: Tomahawk          |       |     6 |       ||     6
 Cast: Shock             |    44 |   123 |    13 ||   180
       Swiftness         |     4 |     6 |     1 ||    11
       Airstrike         |       |       |     1 ||     1
 Abil: Breathe Lightning |       |       |     2 ||     2
  Use: Potion            |     1 |     8 |     1 ||    10
       Scroll            |     1 |       |     7 ||     8
 Stab: Sleeping          |     4 |     8 |     1 ||    13
  Eat: Chunk             |     1 |     5 |     1 ||     7
       Ration            |     1 |     1 |     1 ||     3
Armor: Skin              |    20 |    93 |    19 ||   132
Dodge: Dodged            |    68 |   191 |    45 ||   304
